 Dungeon Crawl Stone Soup version 0.26-a0-752-gcff87cac9a (webtiles) character file.

Game seed: 11917535947105608591

79 Antenora the Skirmisher (level 4, 0/37 HPs)
             Began as a Demonspawn Abyssal Knight on Nov 6, 2020.
             Was a Follower of Lugonu.
             Succumbed to a kobold's poison
             ... on level 3 of the Dungeon.
             The game lasted 00:09:09 (1947 turns).

Antenora the Skirmisher (Demonspawn Abyssal Knight) Turns: 1947, Time: 00:09:10

Health: 0/37       AC:  3    Str: 13    XL:     4   Next: 17%
Magic:  6/6        EV: 11    Int: 14    God:    Lugonu [*.....]
Gold:   67         SH:  0    Dex: 12    Spells: 3/3 levels left

rFire    + . .     SeeInvis .   a - +2 falchion
rCold    . . .     Faith    .   (no shield)
rNeg     . . .     Spirit   .   b - +0 leather armour
rPois    .         Reflect  .   (no helmet)
rElec    .         Harm     .   (no cloak)
rCorr    .         Rampage  .   (no gloves)
MR       .....                  (no boots)
Stlth    +.........             (no amulet)
HPRegen  0.12/turn              (no ring)
MPRegen  0.10/turn              (no ring)

@: lethally poisoned (0 -> -5), hasted, very quick
A: fire resistance 1
a: Depart the Abyss, Renounce Religion


You were on level 3 of the Dungeon.
You worshipped Lugonu.
Lugonu was aware of your devotion.
You visited 1 branch of the dungeon, and saw 3 of its levels.
You visited the Abyss 1 time.

You collected 67 gold pieces.

Inventory:

Hand Weapons
 a - a +2 falchion (weapon)
Armour
 b - a +0 leather armour (worn)
 h - a +0 leather armour
Wands
 e - a wand of flame (8)
Scrolls
 c - a scroll of magic mapping
 g - a scroll of enchant weapon
 j - a scroll of identify
Potions
 d - a potion of degeneration


   Skills:
 + Level 3.7 Fighting
 + Level 2.5 Long Blades
 + Level 2.5 Armour
 + Level 1.2 Dodging
 * Level 2.9 Invocations


You had 3 spell levels left.
You didn't know any spells.
Your spell library was empty.

Dungeon Overview and Level Annotations

Branches:
Dungeon (3/15)

Altars:
Hepliaklqana
Kikubaaqudgha
Makhleb
Sif Muna
Trog
Xom


Innate Abilities, Weirdness & Mutations

Your flesh is heat resistant. (rF+)


Message History

You see here a poisoned dart.
* * * LOW HITPOINT WARNING * * *
You feel sick.
* * * LOW HITPOINT WARNING * * *
You feel sick.
Found 7 gold pieces.
* * * LOW HITPOINT WARNING * * *
You feel sick.
Found an escape hatch in the ceiling.
* * * LOW HITPOINT WARNING * * *
You feel sick.
* * * LOW HITPOINT WARNING * * *
You feel sick.
* * * LOW HITPOINT WARNING * * *
You feel sick.
You see here 7 gold pieces.
There is an escape hatch in the ceiling here.
You can't go down here!
You can't go down here!
You die...

#...# #...#
#...# #...#
#...# #...#
###...#
#...@.#
#..$.##
#...S# .
#....# ..
#....###...
#...o......
#.....##...
#..oKK# .
#.....# ..


You could see an adder, 2 orcs and 2 kobolds.

Vanquished Creatures
  4 adders (D:2)
  2 worms (D:2)
  A dart slug (D:1)
  A leopard gecko (D:2)
  4 bats
  3 giant cockroaches
  4 goblins
  3 hobgoblins
  3 jackals (D:1)
  3 frilled lizards (D:2)
  4 kobolds
  3 rats
35 creatures vanquished.

Vanquished Creatures (others)
  A giant cockroach (D:3)
1 creature vanquished.

Grand Total: 36 creatures vanquished

Notes
Turn   | Place    | Note
-------+----------+-------------------------------------------
     0 | Abyss:1  | Antenora the Demonspawn Abyssal Knight began the quest for
                  | the Orb.
     0 | Abyss:1  | Reached XP level 1. HP: 18/18 MP: 2/2
   121 | Abyss:1  | Noticed a neqoxec
   123 | Abyss:1  | Noticed an ancient zyme
   127 | D:1      | Escaped the Abyss
   504 | D:1      | Reached skill level 1 in Dodging
   504 | D:1      | Gained mutation: Your flesh is heat resistant. (rF+)
                  | [demonic ancestry]
   504 | D:1      | Reached XP level 2. HP: 20/24 MP: 3/3
   598 | D:1      | Reached * piety under Lugonu
   979 | D:2      | Reached XP level 3. HP: 25/29 MP: 4/4
  1227 | D:2      | HP: 1/30 [poisoned by an adder]
  1658 | D:2      | Reached XP level 4. HP: 30/37 MP: 6/6
  1878 | D:2      | Found a hazy altar of Hepliaklqana.
  1879 | D:2      | Found a shimmering blue altar of Sif Muna.
  1879 | D:2      | Found an ancient bone altar of Kikubaaqudgha.
  1882 | D:2      | Found a bloodstained altar of Trog.
  1883 | D:2      | Found a burning altar of Makhleb.
  1884 | D:2      | Found a shimmering altar of Xom.
  1907 | D:3      | Noticed an orc warrior
  1944 | D:3      | HP: 1/37 [poisoned by a kobold]
  1947 | D:3      | Succumbed to a kobold's poison

Illustrated notes

Levels and vault maps discovered:
D:1:      co_arrival_square_in_a_square_in_a_square, layout_loops_ring
D:2:      layout_basic, minitemple
D:3:      layout_rooms

Skill      XL: |  1  2 |
---------------+-------+-----
Long Blades    | 2 |  2.5
Dodging        | 1 |  1.2
Armour         | 2 |  2.5
Fighting       | |  3.7
Invocations    | |  2.9

Action                   |  1- 3 |  4- 6 || total
-------------------------+-------+-------++-------
Melee: Falchion          |    85 |     9 ||    94
Invok: Depart the Abyss  |     1 |       ||     1
Evoke: Wand              |     3 |       ||     3
  Use: Scroll            |     6 |       ||     6
       Potion            |     3 |     1 ||     4
Armor: Leather armour    |    23 |    16 ||    39
Dodge: Dodged            |    69 |    26 ||    95
       Rpst.: Falchion   |    24 |     8 ||    32

Table legend: (Time is in decaauts)
 A = Elapsed time spent in this place.
 B = Non-inter-level travel time spent in this place.
 C = Inter-level travel time spent in this place.
 D = Time resting spent in this place.
 E = Time spent auto-exploring this place.
 F = Levels seen in this place.
 G = Mean time per level.
                   A        B        C        D        E       F      G
               +--------+--------+--------+--------+--------+-----+--------+
         Total |   1942 |   1906 |     36 |    199 |     99 |   4 |  485.5 |
       Dungeon |   1815 |   1779 |     36 |    199 |     99 |   3 |  605.0 |
         Abyss |    127 |    127 |      0 |      0 |      0 |   1 |  127.0 |
               +--------+--------+--------+--------+--------+-----+--------+

Top non-repeatable levels by time:
     D:2: 1050 daAuts
     D:1: 728 daAuts
 Abyss:1: 127 daAuts
     D:3: 35 daAuts
